 Dungeon Crawl Stone Soup version 0.25-a0-185-g6cfeca75b2 (webtiles) character file.

Game seed: 8159183736980763608, levelgen mode: deterministic

5 MrRokkomies the Skirmisher (level 1, 0/20 HPs)
             Began as a Ghoul Abyssal Knight on Nov 28, 2019.
             Was a Follower of Lugonu.
             Killed from afar by a raiju (19 damage)
             ... with a living lightning
             ... on level 1 of the Abyss.
             The game lasted 00:00:13 (75 turns).

MrRokkomies the Skirmisher (Ghoul Abyssal Knight)     Turns: 75, Time: 00:00:13

Health: 0/20       AC:  3    Str: 15    XL:     1   Next: 80%
Magic:  1/1        EV: 11    Int:  7    God:    Lugonu [*.....]
Gold:   0          SH:  0    Dex:  8    Spells: 0/0 levels left

rFire    . . .     SeeInvis .   a - +1 mace
rCold    + . .     Gourm    .   (no shield)
rNeg     + + +     Faith    .   b - +0 leather armour
rPois    ∞         Spirit   .   (no helmet)
rElec    .         Reflect  .   (no cloak)
rCorr    .         Harm     .   (no gloves)
MR       .....                  (no boots)
Stlth    +.........             (no amulet)
HPRegen  0.00/turn              (no ring)
MPRegen  0.07/turn              (no ring)

@: rotting
A: rotting body, claws 1, carnivore, cold resistance 1, negative energy
resistance 3, inhibited regeneration, torment resistance, unbreathing
a: Depart the Abyss, Renounce Religion


You were on level 1 of the Abyss.
You worshipped Lugonu.
Lugonu was aware of your devotion.
You were not hungry.

You visited 0 branches of the dungeon, and saw 0 of its levels.
You visited the Abyss 1 time.

Inventory:

Hand Weapons
 a - a +1 mace (weapon)
Armour
 b - a +0 leather armour (worn)
Comestibles
 c - a ration


   Skills:
 + Level 3.7 Fighting
 + Level 1.7 Maces & Flails
 + Level 1.7 Armour
 + Level 0.8 Dodging
 + Level 2.0 Invocations


You couldn't memorise any spells.
You didn't know any spells.
Your spell library was empty.

Dungeon Overview and Level Annotations

Branches:
Dungeon (0/15)

Altars:


Innate Abilities, Weirdness & Mutations

Your body is rotting away.
You thrive on raw meat.
You are immune to poison.
You have sharp fingernails.
You are carnivorous and can eat meat at any time.
Your flesh is cold resistant. (rC+)
You are immune to negative energy. (rN+++)
You do not regenerate when monsters are visible.
You are immune to unholy pain and torment.
You can survive without breathing.


Message History

The ufetubus shouts!
The ufetubus hits you but does no damage.
The ufetubus hits you.
You hit the ufetubus.
The ufetubus is severely wounded.
The ufetubus closely misses you. x2; The ufetubus barely misses you. x2
You hit the ufetubus.
You kill the ufetubus!
A large abomination comes into view.
A small abomination comes into view.
The small abomination moves out of view.
Found 20 stones.
A large abomination comes into view.
Found 13 bolts.
Found 9 arrows.
A raiju comes into view.
The raiju bursts into living lightning!
The living lightning hits you!!
Ouch! That really hurt!
You die...

## #.# ##..#
h...###
#...######
.. #@...#.#
#..
#.#..#..##..
#.#.(#...#.#
...#.##.##.#
##. ## #...#
## .
#..#..###
##. ##.#
#..#
##.#.#.#..
#......###
.# ...
#..###X#.#.#
# #...#


You could see a raiju.

Vanquished Creatures
  An ufetubus (Abyss:1)
1 creature vanquished.

Notes
Turn   | Place    | Note
-------+----------+-------------------------------------------
     0 | Abyss:1  | MrRokkomies the Ghoul Abyssal Knight began the quest for
                  | the Orb.
     0 | Abyss:1  | Reached XP level 1. HP: 19/19 MP: 1/1
     1 | Abyss:1  | Found a corrupted altar of Lugonu.
    44 | Abyss:1  | Noticed a large abomination
    49 | Abyss:1  | Noticed a small abomination
    62 | Abyss:1  | Noticed a large abomination
    75 | Abyss:1  | Noticed a raiju
    75 | Abyss:1  | Killed from afar by a raiju

Levels and vault maps discovered:
Abyss:1

Action                   || total
-------------------------++-------
Melee: Mace              ||     2
Armor: Leather armour    ||     1
Dodge: Dodged            ||     4

Table legend:
 A = Non-vault XP
 B = Vault XP
 C = Vault XP percentage of total XP
 D = Non-vault monster count
 E = Vault monster count
 F = Vault count percentage of total count
                 A         B        C        D         E       F
            +---------+---------+-------+---------+---------+-------
      Total |       8 |       0 |   0.0 |       1 |       0 |   0.0
            +---------+---------+-------+---------+---------+-------
    Abyss:1 |       8 |       0 |   0.0 |       1 |       0 |   0.0
            +---------+---------+-------+---------+---------+-------
